 Dungeon Crawl Stone Soup version 0.28.0-53-g5a82cb258f (webtiles) character file.

Game seed: 4751828705217364643

833 Gunnblindi the Cudgeller (level 7, 0/68 HPs)
             Began as a Troll Monk on July 31, 2022.
             Slain by a gnoll
             ... wielding a +0 flail
              (2 damage)
             ... on level 5 of the Dungeon.
             The game lasted 00:17:29 (3824 turns).

Gunnblindi the Cudgeller (Troll Monk)               Turns: 3824, Time: 00:17:29

Health: 0/68       AC:  5    Str: 22    XL:     7   Next: 66%
Magic:  0/6        EV: 11    Int:  6    God:
Gold:   193        SH:  0    Dex: 12    Spells: 6/6 levels left

rFire   . . .      SeeInvis .   a - +0 mace
rCold   . . .      Faith    .   (no shield)
rNeg    . . .      Spirit   +   b - +1 robe
rPois   .          Reflect  .   (helmet restricted)
rElec   .          Harm     .   (no cloak)
rCorr   .          Rampage  .   (gloves unavailable)
Will    .....                   (boots unavailable)
Stlth   ++........              e - amulet of guardian spirit
HPRegen 1.01/turn               (no ring)
MPRegen 0.10/turn               (no ring)

@: about to teleport
A: large, unfitting armour, claws 3, regeneration 1, shaggy fur 1, tough skin 1
a: no special abilities


You were on level 5 of the Dungeon.
You visited 1 branch of the dungeon, and saw 5 of its levels.
You also visited: Ossuary.

You collected 193 gold pieces.

Inventory:

Hand Weapons
 a - a +0 mace (weapon)
Missiles
 n - 3 poisoned darts (quivered)
Armour
 b - a +1 robe (worn)
 g - a +0 helmet
 i - a +2 pair of gloves
Jewellery
 e - an amulet of guardian spirit (around neck)
Wands
 o - a wand of iceblast (16)
Scrolls
 m - a scroll of teleportation
Potions
 c - 3 potions of degeneration
 d - 2 potions of might {unknown}
 f - 3 potions of flight {unknown}
 h - a potion of lignification {unknown}
 j - 5 potions of curing {unknown}
 k - a potion of invisibility {unknown}
 l - 5 potions of attraction {unknown}
 p - a potion of ambrosia {unknown}
 q - a potion of resistance {unknown}


   Skills:
 + Level 3.8 Fighting
 + Level 5.9 Maces & Flails
 - Level 0.4(3.3) Staves
 + Level 0.4 Throwing
 + Level 4.0 Dodging
 - Level 2.1 Stealth
 * Level 0.8 Evocations


You had 6 spell levels left.
You didn't know any spells.
Your spell library contained the following spells:

 Spells                   Type           Power      Damage    Failure   Level
 Alistair's Intoxication  Tmut/Pois      0%         N/A       100%        5
 Borgnjor's Vile Clutch   Necr/Erth      0%         N/A       100%        5
 Eringya's Noxious Bog    Tmut/Pois      0%         N/A       100%        6


Dungeon Overview and Level Annotations

Branches:
Dungeon (5/15)            Ossuary (visited)
 Temple: D:4-7

Altars:


Innate Abilities, Weirdness & Mutations

You are too large for most types of armour.
You have claws for hands.
Your natural rate of healing is unusually fast.
You are covered in fur. (AC +1)
You have tough skin. (AC +1)


Message History

The gnoll hits you from afar with a +0 halberd.
You sock the gnoll!
You kill the gnoll!
The gnoll closely misses you.
The gnoll hits you from afar with a +0 halberd.
The gnoll throws a boomerang.
The boomerang barely misses you.
Your Dodging skill increases to level 4!
The gnoll hits you with a +0 halberd. The gnoll misses you.
You see here 3 boomerangs.
You hit the gnoll.
The gnoll is moderately wounded.
The gnoll barely misses you. The gnoll hits you.
You completely miss the gnoll.
The gnoll is moderately wounded.
The gnoll barely misses you. x2; The gnoll misses you.
You hit the gnoll.
The gnoll is heavily wounded.
The gnoll closely misses you. The gnoll hits you with a +0 halberd!
The gnoll completely misses you.
You hit the gnoll but do no damage.
The gnoll is heavily wounded.
The gnoll barely misses you. The gnoll hits you with a +0 halberd!
* * * LOW HITPOINT WARNING * * *
The gnoll hits you.
* * * LOW HITPOINT WARNING * * *
As you read the scroll of teleportation, it crumbles to dust.
You feel strangely unstable. The gnoll closely misses you.
The gnoll hits you with a +0 halberd.
* * * LOW HITPOINT WARNING * * *
The gnoll hits you.
* * * LOW HITPOINT WARNING * * *
You hit the gnoll.
The gnoll is heavily wounded.
The gnoll barely misses you. The gnoll hits you with a +0 halberd!
* * * LOW HITPOINT WARNING * * *
The gnoll barely misses you.
You hit the gnoll.
The gnoll is severely wounded.
The gnoll hits you with a +0 flail.
You die...

....≈.....## g
....≈......##......
....≈≈..g.........≈
.....≈≈≈≈≈≈≈≈≈...≈≈
...........h.......
.........# .......
...#.....## g....
#.....)##gh#
..........g@g#
..........####
.....#.....
....##......
#............
#......#.....#
......##.# ... ..


You could see 4 gnolls and a jackal.

Vanquished Creatures
  An ogre (D:4)
  A phantom (D:4)
  4 water moccasin zombies (Ossuary)
  A water moccasin skeleton (D:4)
  A jelly (D:4)
  2 orc wizards (D:4)
  2 mummies (Ossuary)
  A howler monkey zombie (D:4)
  9 adders
  6 gnolls
  An ufetubus (D:4)
  5 adder zombies (Ossuary)
  An adder skeleton (D:4)
  A worm (D:3)
  3 dart slugs
  12 orcs
  5 ball pythons
  3 endoplasms (D:1)
  5 giant cockroaches
  A gnoll zombie (D:4)
  8 goblins
  5 hobgoblins
  3 jackals
  9 kobolds
  8 quokkas
  6 bats
  2 frilled lizards
  4 hobgoblin zombies (Ossuary)
  4 kobold zombies (Ossuary)
  9 orc zombies (Ossuary)
  8 rats
131 creatures vanquished.

Vanquished Creatures (others)
  17 demonic plants (D:1)
  A plant (D:3)
  8 withered plants (D:1)
26 creatures vanquished.

Grand Total: 157 creatures vanquished

Notes
Turn   | Place    | Note
-------+----------+-------------------------------------------
     0 | D:1      | Gunnblindi the Troll Monk began the quest for the Orb.
     0 | D:1      | Reached XP level 1. HP: 22/22 MP: 0/0
   244 | D:1      | Found a faded altar of an unknown god.
   493 | D:1      | Reached XP level 2. HP: 29/29 MP: 1/1
   674 | D:1      | Reached skill level 3 in Maces & Flails
   877 | D:2      | Reached XP level 3. HP: 33/36 MP: 2/2
  1255 | D:2      | Reached XP level 4. HP: 37/44 MP: 3/3
  2068 | D:3      | Reached skill level 4 in Maces & Flails
  2068 | D:3      | Reached XP level 5. HP: 18/53 MP: 1/4
  2650 | D:4      | Noticed an ogre
  2663 | D:4      | Killed an ogre
  2664 | D:4      | Reached XP level 6. HP: 49/61 MP: 3/5
  2741 | D:4      | Found a sand-covered staircase.
  2757 | Ossuary  | Entered an ossuary
  2811 | Ossuary  | Reached skill level 5 in Maces & Flails
  2856 | Ossuary  | Reached XP level 7. HP: 37/67 MP: 4/6
  3794 | D:5      | Entered Level 5 of the Dungeon
  3823 | D:5      | HP: 1/68 [gnoll/+0 halberd (11)]
  3824 | D:5      | Slain by a gnoll

Illustrated notes

Levels and vault maps discovered:
D:1:      dpeg_arrival_central, layout_basic, shapermc_ecumenical_altar_gd,
          ebering_dispersal_statue_hall, hangedman_decor_clover_reticule
D:2:      minmay_razor_zed, layout_basic
D:3:      cheibrodos_old_hovel, layout_basic, minmay_misc_feat_rows
D:4:      layout_loops_ring, enter_ossuary_3, kennysheep_dice
D:5:      layout_cave_pools, nicolae_uskayaw_murder_on_the_dancefloor,
          serial_gnoll_camp, gnoll_camp_medium_02, gnoll_camp_mini_doghouse,
          gnoll_camp_huts_moat, gnoll_camp_mini_hut, gnoll_camp_mini_shop

Skill      XL: |  1  2  3  4  5  6  7 |
---------------+----------------------+-----
Maces & Flails | 3 4 5 |  5.9
Fighting       | 3 |  3.8
Dodging        | 3 4 |  4.0
Stealth        | 2 |  2.1
Staves         | |  0.4
Throwing       | |  0.4
Evocations     | |  0.8

Action                   |  1- 3 |  4- 6 |  7- 9 || total
-------------------------+-------+-------+-------++-------
Melee: Mace              |   177 |   236 |   188 ||   601
       Punch             |     5 |     4 |     1 ||    10
Throw: Throwing net      |       |     2 |       ||     2
       Dart              |       |     3 |       ||     3
  Use: Scroll            |     2 |     4 |     3 ||     9
 Stab: Sleeping          |     4 |     1 |       ||     5
Armor: Robe              |    32 |    92 |    50 ||   174
Dodge: Dodged            |    54 |   150 |   100 ||   304
